 Dungeon Crawl Stone Soup version 0.28.0 (webtiles) character file.

Game seed: 6328823416013916665

479828 dolemite99 the Slayer (level 23, -34/228 (229) HPs)
             Began as a Minotaur Monk on Feb 6, 2022.
             Was the Champion of Nemelex Xobeh.
             Killed from afar by a black draconian knight (38 damage)
             ... with a bolt of lightning
             ... on level 1 of the Realm of Zot.
             The game lasted 02:16:03 (89552 turns).

dolemite99 the Slayer (Minotaur Monk)              Turns: 89552, Time: 02:16:04

HP:   -34/228 (229) AC: 35    Str: 23    XL:     23   Next: 39%
MP:   27/35         EV: 12    Int: 11    God:    Nemelex Xobeh [******]
Gold: 3172          SH: 29    Dex: 19    Spells: 22/22 levels left

rFire   + . .      SeeInvis +   a - +8 mithril axe "Arga" {speed, Will+}
rCold   + . .      Faith    .   Y - +2 tower shield
rNeg    . . .      Spirit   .   A - +3 gold dragon scales
rPois   +          Reflect  +   N - +1 hat {Stlth+}
rElec   .          Harm     .   E - +0 cloak
rCorr   +          Rampage  .   g - +2 pair of gloves
Will    ++...                   (no boots)
Stlth   ..........              Q - amulet of Jecob {Reflect Int+3 SH+5}
HPRegen 0.48/turn               s - ring of the Octopus King {rCorr AC+1 EV+1 Str+1 Int+1 Dex+1}
MPRegen 0.24/turn               z - ring of see invisible {=R}

@: lightly drained
A: horns 2, retaliatory headbutt
}: 3/15 runes: decaying, serpentine, silver
a: Renounce Religion, Draw Escape, Draw Destruction, Draw Summoning, Triple
Draw, Deal Four, Stack Five


You were on level 1 of the Realm of Zot.
You worshipped Nemelex Xobeh.
Nemelex Xobeh was exalted by your worship.
You visited 9 branches of the dungeon, and saw 44 of its levels.
You visited 1 bazaar.

You collected 6526 gold pieces.
You spent 3354 gold pieces at shops.

Inventory:

Hand Weapons
 a - the +8 mithril axe "Arga" (weapon) {speed, Will+}
   (You acquired it on level 6 of the Dungeon)

   Attacks with this weapon are significantly faster.
   Will:      It increases your willpower.
 b - the +8 hunting sling of Disarray {freeze, Str+4}
   (You found it on level 7 of the Dungeon)

   Any ammunition fired from it freezes those it strikes, dealing additional
   cold damage.
   It can also slow down cold-blooded creatures.
   Str:       It affects your strength (+4).
 w - a +6 eveningstar of protection
Missiles
 r - 1119 stones (quivered)
Armour
 g - a +2 pair of gloves (worn)
 A - +3 gold dragon scales (worn)
 E - a +0 cloak (worn)
 N - a +1 hat of stealth (worn)
 X - the +1 plate armour "Hero's Friend" {rElec rC+ rN+ Will+}
   (You found it on level 1 of the Depths)

   rC:        It protects you from cold.
   rElec:     It insulates you from electricity.
   rN:        It protects you from negative energy.
   Will:      It increases your willpower.
 Y - a +2 tower shield (worn)
Magical Staves
 V - a staff of air
Jewellery
 o - the ring "Keamn" {rF+ AC+4 Str+2 Int+3}
   (You took it off a deep elf master archer on level 3 of the Elven Halls)

   [ring of protection]

   AC:        It affects your AC (+4).
   Str:       It affects your strength (+2).
   Int:       It affects your intelligence (+3).
   rF:        It protects you from fire.
 q - a ring of ice
 s - a ring of the Octopus King (left hand) {rCorr AC+1 EV+1 Str+1 Int+1 Dex+1}
   (You took it off a deep elf zephyrmancer on level 3 of the Elven Halls)

   [ring of resist corrosion]

   AC:        It affects your AC (+1).
   EV:        It affects your evasion (+1).
   Str:       It affects your strength (+1).
   Int:       It affects your intelligence (+1).
   Dex:       It affects your dexterity (+1).
   rCorr:     It protects you from acid and corrosion.
 x - a ring of positive energy
 y - a ring of protection from fire
 z - a ring of see invisible (right hand) {=R}
 K - the ring of the Gloaming {Fire rPois Int+4 Dex+2}
   (You bought it in a shop on level 2 of the Orcish Mines)

   [ring of fire]

   It enhances your fire magic.
   Int:       It affects your intelligence (+4).
   Dex:       It affects your dexterity (+2).
   rF:        It protects you from fire.
   rC:        It makes you vulnerable to cold.
   rPois:     It protects you from poison.
 Q - the amulet of Jecob (around neck) {Reflect Int+3 SH+5}
   (You bought it in a shop on level 2 of the Orcish Mines)

   [amulet of reflection]

   It reflects blocked missile attacks.
   Int:       It affects your intelligence (+3).
   SH:        It affects your SH (+5).
Wands
 i - a wand of charming (27)
 B - a wand of digging (37)
 G - a wand of polymorph (17)
 L - a wand of mindburst (5)
 M - a wand of iceblast (3)
 W - a wand of paralysis (12)
Scrolls
 c - 8 scrolls of fog
 h - 5 scrolls of teleportation
 j - 18 scrolls of identify {@r1}
 l - 3 scrolls of silence
 v - a scroll of magic mapping
 T - 3 scrolls of holy word
 Z - 3 scrolls of vulnerability
Potions
 f - 5 potions of attraction
 k - 16 potions of curing
 m - 8 potions of brilliance
 n - 6 potions of magic
 p - 10 potions of flight
 t - a potion of invisibility
 u - 5 potions of lignification
 F - 4 potions of might
 I - 2 potions of berserk rage
 O - 6 potions of haste
 P - 6 potions of cancellation
 U - 6 potions of mutation
Miscellaneous
 d - a box of beasts
 C - a condenser vane (inert)
 D - a phial of floods (inert)
 H - a tin of tremorstones (inert)
 J - a lightning rod (4/4)
 R - a phantom mirror (inert)


   Skills:
 - Level 24.0 Fighting
 - Level 18.0 Axes
 - Level 10.4 Slings
 + Level 23.1 Armour
 - Level 12.4 Dodging
 - Level 1.5 Stealth
 - Level 19.0 Shields
 - Level 19.0 Invocations
 - Level 10.2 Evocations


You had 22 spell levels left.
You didn't know any spells.
Your spell library contained the following spells:

 Spells                   Type           Power      Damage    Failure   Level
 Foxfire                  Conj/Fire      0%         2x1d4     100%        1
 Freeze                   Ice            0%         1d3       100%        1
 Magic Dart               Conj           0%         1d3       100%        1
 Sandblast                Erth           0%         2d4       100%        1
 Slow                     Hex            0%         N/A       100%        1
 Call Imp                 Summ           0%         N/A       100%        2
 Ensorcelled Hibernation  Hex/Ice        0%         N/A       100%        2
 Passwall                 Tmut/Erth      0%         N/A       100%        2
 Scorch                   Fire           0%         2d5       100%        2
 Searing Ray              Conj           0%         2d4       100%        2
 Confusing Touch          Hex            0%         N/A       100%        3
 Conjure Flame            Conj/Fire      0%         6-21      100%        3
 Dazzling Flash           Conj/Hex       0%         N/A       100%        3
 Frozen Ramparts          Ice            0%         1d2       100%        3
 Gell's Gravitas          Tloc           0%         N/A       100%        3
 Inner Flame              Hex/Fire       0%         N/A       100%        3
 Mephitic Cloud           Conj/Pois/Air  0%         N/A       100%        3
 Ozocubu's Armour         Ice            0%         N/A       100%        3
 Portal Projectile        Hex/Tloc       0%         N/A       100%        3
 Spider Form              Tmut/Pois      0%         N/A       100%        3
 Stone Arrow              Conj/Erth      0%         3d7       100%        3
 Teleport Other           Tloc           0%         N/A       100%        3
 Vampiric Draining        Necr           0%         2d6       100%        3
 Airstrike                Air            0%         N/A       100%        4
 Animate Armour           Summ/Erth      0%         N/A       100%        4
 Animate Dead             Necr           0%         N/A       100%        4
 Cause Fear               Hex            0%         N/A       100%        4
 Flame Wave               Conj/Fire      0%         2d4       100%        4
 Fulminant Prism          Conj/Hex       0%         3d6       100%        4
 Hailstorm                Conj/Ice       0%         3d3       100%        4
 Ice Form                 Ice/Tmut       0%         N/A       100%        4
 Iskenderun's Mystic Bla  Conj/Tloc      0%         2d3       100%        4
 Leda's Liquefaction      Hex/Erth       0%         N/A       100%        4
 Petrify                  Tmut/Erth      0%         N/A       100%        4
 Summon Ice Beast         Ice/Summ       0%         N/A       100%        4
 Summon Lightning Spire   Summ/Air       0%         N/A       100%        4
 Alistair's Intoxication  Tmut/Pois      0%         N/A       100%        5
 Blade Hands              Tmut           0%         N/A       100%        5
 Borgnjor's Vile Clutch   Necr/Erth      0%         N/A       100%        5
 Excruciating Wounds      Necr           0%         N/A       100%        5
 Freezing Cloud           Conj/Ice/Air   0%         6-21      100%        5
 Irradiate                Conj/Tmut      0%         3d13      100%        5
 Lee's Rapid Deconstruct  Erth           0%         3d5*      100%        5
 Lightning Bolt           Conj/Air       0%         1d11      100%        5
 Metabolic Englaciation   Hex/Ice        0%         N/A       100%        5
 Summon Mana Viper        Hex/Summ       0%         N/A       100%        5
 Yara's Violent Unravell  Hex/Tmut       0%         3d3       100%        5
 Death Channel            Necr           0%         N/A       100%        6
 Dispersal                Tloc           0%         N/A       100%        6
 Simulacrum               Ice/Necr       0%         N/A       100%        6
 Starburst                Conj/Fire      0%         6d3       100%        6
 Statue Form              Tmut/Erth      0%         N/A       100%        6
 Summon Cactus Giant      Summ           0%         N/A       100%        6
 Dragon Form              Tmut           0%         N/A       100%        7
 Malign Gateway           Summ/Tloc      0%         N/A       100%        7
 Monstrous Menagerie      Summ           0%         N/A       100%        7
 Ozocubu's Refrigeration  Ice            0%         4d5       100%        7
 Storm Form               Tmut/Air       0%         N/A       100%        7
 Lehudib's Crystal Spear  Conj/Erth      0%         10d2      100%        8
 Maxwell's Capacitive Co  Air            0%         ∞         100%        8
 Summon Horrible Things   Summ           0%         N/A       100%        8
 Chain Lightning          Conj/Air       0%         N/A       100%        9
 Dragon's Call            Summ           0%         N/A       100%        9
 Fire Storm               Conj/Fire      0%         5d1       100%        9
 Polar Vortex             Ice            0%         N/A       100%        9
 Shatter                  Erth           0%         3d5*      100%        9


Dungeon Overview and Level Annotations

Branches:
Dungeon (15/15)            Temple (0/1) D:7            Lair (6/6) D:11
  Swamp (4/4) Lair:3        Snake (4/4) Lair:3        Slime (0/5) Lair:6
    Orc (2/2) D:9             Elf (3/3) Orc:2        Vaults (5/5) D:13
  Crypt (0/3) Vaults:2     Depths (4/4) D:15            Zot (1/5) Depths:4

Altars:
Ashenzari
Cheibriados
Dithmenos
Elyvilon
Fedhas
Gozag
Hepliaklqana
Nemelex Xobeh
Sif Muna
Trog
Uskayaw
Vehumet
Yredelemnul
The Shining One
Jiyva

Shops:
D:3 [   D:7 [   Orc:2 (**=   Elf:1 *   Snake:1 (![=   Snake:3 [   Vaults:1 **
Vaults:2 (   Vaults:4 [*=

Portals:
Hell: Depths:1 Depths:2 Depths:3 Depths:4
Abyss: Depths:3
Pandemonium: Depths:2
Ziggurat: Depths:3
Trove: Depths:2 (give 7 scrolls of blinking)

Annotations:
D:5 1 runed translucent door, Lobster4's ghost, amateur DrWn
Lair:2 1 runed translucent door
Lair:6 2 runed translucent doors
Snake:3 2 transporters, mdonais's ghost, adept FoIE
Elf:2 3 runed translucent doors
Vaults:1 3 runed translucent doors, exclusion: obsidian statue, Silenth's ghost, adept DrFE
Vaults:3 1 transporter


Innate Abilities, Weirdness & Mutations

You have a pair of horns on your head.
You reflexively headbutt those who attack you in melee.


Message History

Press: ? - help, Shift-Dir - straight line, f/p - death cob
Aim: a death cob You deal a card...
You have dealt Wild Magic.
Flames sear the death cob!!
You destroy the death cob!
Flames sear the quicksilver dragon!!
Sparks of electricity dance between the death cob's hands!!
The golden dragon is blasted with fire!
The golden dragon resists.
The moth of wrath is hit by flying rocks.
You feel a surge of magic.
Your surroundings suddenly seem different.
A death cob and a black draconian knight come into view.
The black draconian knight is wielding a +2 vampiric great sword.
Found 9 arrows.
The death cob completely misses you. You furiously retaliate!
You headbutt the death cob! You block the death cob's attack. x2
The purple draconian breathes dispelling energy at you.
The bolt of dispelling energy hits you!!
Your magical effects are unravelling.
* * * LOW HITPOINT WARNING * * *
The white draconian breathes frost at you.
The blast of cold hits you! You resist.
* * * LOW HITPOINT WARNING * * *
You block the death cob's attack.
The black draconian knight hits you but does no damage.
A moth of wrath comes into view.
The purple draconian misses you.
The death cob gives a chilling moan.
Your box of beasts has recharged.
You feel better.
You feel yourself speed up.
Your resistance to elements expires.
You are no longer corroded.
You block the death cob's attack. The death cob barely misses you.
You block the death cob's attack. You block the black draconian's attack.
The moth of wrath goads the green draconian monk on!
The green draconian monk goes berserk!
The black draconian knight breathes lightning at you.
The bolt of lightning hits you!!
* * * LOW HITPOINT WARNING * * *
The bolt of lightning hits you!!!
You die...
Your body glows with a rainbow of weird colours and disappears.

#.....#.#
#######Dyk...#
#.*..Dzz....#
#########.°.#
#zzD.#
#####ddy.#
#.d.qd...#
#zdd##..∩#
#.@q#....#
#......#d.....#
#.....##.....#.
#...###.....#...
### .....#(...
....#. ...
...#... ... ...
..


You could see a green draconian monk (berserk), a black draconian knight
(catching breath), a golden dragon, 2 draconians, a yellow draconian (poisoned),
a purple draconian, 2 draconians, a white draconian (catching breath), a curse
toe, 2 death cobs and a moth of wrath.

Vanquished Creatures
  An ancient lich (Vaults:5)
  3 juggernauts
  Bai Suzhen (Vaults:3)
  Saint Roka (Vaults:3)
  A caustic shrike (Depths:2)
  A golden dragon (Vaults:5)
  A bone dragon (Depths:4)
  2 hellephants (Depths:1)
  6 tentacled monstrosities
  3 liches
  2 titans
  A deep elf blademaster (Elf:3)
  A quicksilver dragon (Vaults:5)
  2 deep elf master archers (Elf:3)
  A walking frostbound tome (Depths:3)
  7 sphinxes
  A death cob (Zot:1)
  9 tengu reavers
  Gastronok (Lair:2)
  3 shadow dragons
  Donald (Vaults:3)
  4 storm dragons
  3 fenstrider witches
  Roxanne (Snake:2)
  6 nagarajas (Snake:4)
  An iron dragon (Vaults:5)
  4 frost giants
  6 fire giants
  Louise (Swamp:2)
  5 deep elf sorcerers
  7 vault wardens
  An orc warlord (Elf:1)
  A draconian annihilator (Depths:4)
  A spriggan defender (Depths:2)
  5 draconian stormcallers
  A ghost moth (Lair:5)
  3 deep elf elementalists (Elf:3)
  14 ironbound preservers
  2 war gargoyles (Vaults:5)
  2 reapers (Swamp:4)
  13 stone giants
  5 ironbound thunderhulks
  6 deep elf demonologists
  11 very ugly things
  A vampire knight (Depths:3)
  3 dire elephants
  2 green draconians (Depths:4)
  11 eleionomae
  5 bunyips
  Azrael (D:12)
  A bunyip (shapeshifter) (Vaults:1)
  An entropy weaver (Vaults:2)
  10 spark wasps
  4 deep elf annihilators
  A minotaur (Snake:4)
  A red draconian (Depths:4)
  A yellow draconian (Depths:4)
  A dire elephant (shapeshifter) (Vaults:5)
  8 ettins
  An iron golem (Depths:4)
  6 deep elf death magi
  2 shambling mangroves
  21 yaktaur captains
  3 deep elf high priests
  6 fire dragons
  7 great orbs of eyes
  3 salamander tyrants (Snake:4)
  A great orb of eyes (shapeshifter) (Depths:3)
  28 vault guards
  11 anacondas
  10 hydras
  16 naga warriors
  4 ice dragons
  A peacekeeper (Vaults:1)
  2 rakshasas
  4 boulder beetles
  3 ogre magi
  4 spriggan air magi
  3 catoblepae
  7 ironbound frosthearts
  13 centaur warriors
  A radroach (Snake:4)
  17 dancing weapons
  A death knight (D:14)
  2 death yaks (Lair:5)
  6 two-headed ogres
  A deep troll earth mage (Depths:3)
  6 alligators
  15 naga sharpshooters
  A vampire mage (Depths:3)
  8 hell hogs (Depths:1)
  9 shock serpents
  8 tengu warriors
  4 orc high priests
  7 deep troll shamans
  A hell knight (Depths:3)
  2 soul eaters
  5 spriggan berserkers
  A sun demon (Depths:3)
  13 deep elf knights
  Urug (D:12)
  Nergalle (D:12)
  Sonja (Lair:6)
  8 skeletal warriors
  A fire crab (Lair:6)
  A sixfirhy (Swamp:4)
  4 salamander mystics
  3 goliath frogs
  6 iron trolls
  3 flayed ghosts
  2 death drakes
  4 glowing orange brains
  33 deep trolls
  A swamp dragon (shapeshifter) (D:15)
  11 spriggan druids
  A sea snake (Snake:2)
  15 deep elf archers
  14 ironbound convokers
  3 lindwurms
  A shadow demon (Depths:2)
  6 phantasmal warriors
  22 deep elf pyromancers
  8 bog bodies
  6 swamp dragons
  6 naga ritualists
  3 necromancers
  5 orc knights
  A steelbarb worm (Snake:4)
  12 wizards
  A harpy (Snake:4)
  24 deep elf zephyrmancers
  A stone giant zombie (Vaults:3)
  10 mana vipers
  5 cyclopes
  5 will-o-the-wisps
  25 ugly things
  2 manticores
  3 orc sorcerers
  A manticore (shapeshifter) (D:13)
  12 salamanders
  15 vault sentinels
  A molten gargoyle (Lair:6)
  A rust devil (Depths:2)
  32 black mambas
  16 naga magi
  2 smoke demons (Depths:3)
  8 guardian serpents
  Maurice (D:9)
  2 torpor snails
  A gargoyle (D:13)
  11 cane toads
  3 orange demons
  An unseen horror (D:10)
  3 rime drakes (Lair:6)
  A human zombie (Vaults:3)
  30 yaktaurs
  11 komodo dragons
  3 tengu conjurers
  2 efreet (D:15)
  A hellwing (Swamp:4)
  An ice devil (Depths:2)
  4 trolls
  A red devil (Depths:2)
  A polar bear (Lair:4)
  2 bloated husks
  11 tyrant leeches
  14 hornets
  A meliai zombie (D:11)
  4 blink frogs (Lair:3)
  A tarantella (shapeshifter) (Snake:4)
  14 slime creatures
  2 dream sheep (Lair:2)
  An ettin zombie (Vaults:3)
  A shapeshifter (Snake:4)
  2 culicivoras
  A spriggan (shapeshifter) (D:13)
  6 wraiths
  8 water elementals
  2 air elementals (Elf:1)
  2 shadows
  12 fire elementals
  68 yaks
  18 spriggans
  5 wyverns
  7 basilisks
  A chaos spawn (Swamp:4)
  A neqoxec (Swamp:4)
  5 steam dragons
  10 vampire mosquitoes
  4 wargs
  26 swamp worms
  36 nagas
  2 acid dragons
  An acid dragon (shapeshifter) (D:15)
  6 hell hounds
  10 water moccasins
  An ice beast (shapeshifter) (Vaults:5)
  A black bear (D:5)
  2 swamp drakes
  41 orc warriors
  An ice beast (D:8)
  A sky beast (D:6)
  A hornet zombie (D:8)
  2 necrophages (D:6)
  9 ogres
  A boggart (Vaults:3)
  6 wolves
  22 centaurs
  2 kobold brigands (D:9)
  5 bullfrogs
  2 earth elementals
  3 scorpions
  A wyvern skeleton (D:7)
  9 killer bees
  5 wights
  6 howler monkeys
  7 electric eels
  2 bullfrog zombies (D:6)
  5 lava snakes (Lair:6)
  7 centaur zombies
  A gnoll shaman (D:6)
  2 hounds
  23 orc priests
  A bullfrog skeleton (D:5)
  14 orc wizards
  A scorpion zombie (D:5)
  2 polar bear simulacra (Lair:2)
  3 yak simulacra (Lair:2)
  3 wolf simulacra (Lair:2)
  2 hound skeletons
  A howler monkey zombie (D:8)
  3 gnolls (D:6)
  4 adders
  A shadow imp (D:6)
  A white imp (D:6)
  An ufetubus (D:7)
  2 worms
  A dart slug (D:3)
  79 orcs
  8 ball pythons
  3 endoplasms
  A giant cockroach (D:2)
  8 goblins
  7 hobgoblins
  8 jackals
  15 kobolds
  A quokka (D:4)
  A training dummy (Snake:1)
  9 bats
  5 frilled lizards
  7 rats
  3 river rat simulacra (Lair:2)
1538 creatures vanquished.

Vanquished Creatures (collateral kills)
  A juggernaut (Depths:2)
  Frederick (Vaults:4)
  Vashnia (Snake:2)
  A golden dragon (Vaults:5)
  Mlioglotl (Snake:2)
  Rupert (Orc:2)
  A tentacled monstrosity (Depths:2)
  A deep elf blademaster (Elf:3)
  A walking frostbound tome (Depths:3)
  A sphinx (Vaults:3)
  A tengu reaver (Depths:1)
  A fire giant (Vaults:5)
  2 frost giants
  4 vault wardens
  Aizul (Vaults:3)
  An ironbound thunderhulk (Vaults:4)
  A war gargoyle (Vaults:1)
  2 ironbound preservers
  An eleionoma (Swamp:1)
  A dire elephant (Vaults:2)
  A deep elf annihilator (Vaults:5)
  2 great orbs of eyes (Depths:4)
  A deep elf high priest (Elf:3)
  2 hydras
  A spriggan air mage (Depths:3)
  A centaur warrior (Vaults:1)
  3 vault guards
  2 ice dragons
  An anaconda (Snake:3)
  An alligator (Swamp:1)
  A two-headed ogre (D:13)
  A shock serpent (Snake:4)
  6 death yaks (Lair:4)
  3 naga sharpshooters (Snake:2)
  A spriggan berserker (Depths:3)
  3 deep trolls
  A goliath frog (Swamp:1)
  2 deep elf zephyrmancers
  A wizard (Vaults:3)
  A bog body (Swamp:1)
  A deep elf pyromancer (D:15)
  2 ironbound convokers (Vaults:4)
  A mana viper (Snake:3)
  2 ugly things (D:15)
  A will-o-the-wisp (Swamp:1)
  4 black mambas
  2 vault sentinels
  A molten gargoyle (Lair:6)
  A cane toad (Lair:4)
  Psyche (D:9)
  An efreet (D:13)
  A tengu conjurer (Depths:2)
  A tyrant leech (Swamp:1)
  A polar bear (Lair:6)
  A shadow (D:13)
  3 yaks (Lair:3)
  A basilisk (Lair:6)
  A hog (shapeshifter) (Vaults:5)
  3 wargs (D:11)
  4 nagas
  A black bear (D:6)
  An ogre (Orc:2)
  2 centaurs
  2 bullfrogs (Lair:3)
  A wyvern zombie (D:8)
  An iguana (D:6)
  2 orc wizards
  5 orcs
108 creatures vanquished.

Vanquished Creatures (others)
  3 spark wasps (Depths:1)
  A rakshasa (Depths:3)
  An ice dragon (Depths:3)
  An anaconda (Snake:4)
  An alligator (Swamp:4)
  A deep troll shaman (Depths:3)
  A spriggan druid (Swamp:3)
  A deep troll (Vaults:5)
  A manticore (Snake:4)
  A naga mage (Snake:1)
  3 bloated husks
  A naga (Snake:2)
  A butterfly (Depths:1)
  38 foxfires
  15 fungi
  84 plants
154 creatures vanquished.

Grand Total: 1800 creatures vanquished

Notes
Turn   | Place    | Note
-------+----------+-------------------------------------------
     0 | D:1      | dolemite99 the Minotaur Monk began the quest for the Orb.
     0 | D:1      | Reached XP level 1. HP: 19/19 MP: 0/0
   313 | D:1      | Reached XP level 2. HP: 26/26 MP: 1/1
   385 | D:1      | Found a faded altar of an unknown god.
   435 | D:1      | Prayed at the altar of an unknown god.
   435 | D:1      | Became a worshipper of Nemelex Xobeh the Trickster
   435 | D:1      | Reached * piety under Nemelex Xobeh
   435 | D:1      | Received a gift from Nemelex Xobeh
   435 | D:1      | Reached ** piety under Nemelex Xobeh
   435 | D:1      | Received a gift from Nemelex Xobeh
   529 | D:1      | Reached *** piety under Nemelex Xobeh
  1109 | D:2      | Reached XP level 3. HP: 31/31 MP: 2/2
  1111 | D:2      | Reached skill level 5 in Axes
  1151 | D:2      | Reached skill level 1 in Invocations
  1655 | D:2      | Received a gift from Nemelex Xobeh
  1658 | D:2      | Reached XP level 4. HP: 39/39 MP: 4/4
  1924 | D:3      | Found a hide-covered altar of Uskayaw.
  2198 | D:3      | Reached **** piety under Nemelex Xobeh
  2339 | D:3      | Received a gift from Nemelex Xobeh
  2408 | D:3      | Found Sopuuf's Antique Armour Shop.
  2416 | D:3      | Bought a chain mail for 112 gold pieces
  2434 | D:3      | Identified the +5 rapier of the Chain {speed, rF+ Dex+3}
  2489 | D:3      | Identified the +6 hunting sling of Descent {venom, Int+2}
  2819 | D:4      | Reached skill level 1 in Slings
  3058 | D:4      | Received a gift from Nemelex Xobeh
  3486 | D:5      | Entered Level 5 of the Dungeon
  3489 | D:5      | Found Tabbyn's Assorted Antiques.
  3580 | D:5      | Noticed a steam dragon
  3586 | D:5      | Killed a steam dragon
  3587 | D:5      | Reached XP level 5. HP: 45/45 MP: 4/6
  3633 | D:5      | Noticed Lobster4's ghost (amateur DrWn)
  3636 | D:5      | Found a runed translucent door.
  3649 | D:5      | Found a basalt altar of Yredelemnul.
  3670 | D:5      | Reached XP level 6. HP: 51/51 MP: 7/7
  3940 | D:5      | Received a gift from Nemelex Xobeh
  4176 | D:5      | Found a bloodstained altar of Trog.
  4422 | D:6      | Reached XP level 7. HP: 52/57 MP: 9/9
  4523 | D:6      | Reached skill level 5 in Invocations
  4643 | D:6      | Reached skill level 5 in Slings
  5102 | D:6      | Reached XP level 8. HP: 56/64 MP: 11/11
  5199 | D:6      | Identified a scroll of acquirement
  5199 | D:6      | Acquired the +8 mithril axe "Arga" {speed, Will+}
  5199 | D:6      | Found the +8 mithril axe "Arga" {speed, Will+}
  5271 | D:6      | Reached skill level 5 in Shields
  5513 | D:6      | Received a gift from Nemelex Xobeh
  5523 | D:6      | Reached ***** piety under Nemelex Xobeh
  5554 | D:6      | Found a sparkling altar of Nemelex Xobeh.
  5564 | D:6      | Found a shimmering blue altar of Sif Muna.
  6213 | D:7      | Found Kiruh's Antique Armour Shop.
  6213 | D:7      | Noticed a hornet
  6216 | D:7      | Killed a hornet
  6514 | D:7      | Found a staircase to the Ecumenical Temple.
  6608 | D:7      | Found an opulent altar of Gozag.
  6617 | D:7      | Identified the +8 hunting sling of Disarray {freeze, Str+4}
  6651 | D:7      | Reached skill level 1 in Armour
  6665 | D:7      | Reached XP level 9. HP: 70/70 MP: 12/12
  6742 | D:7      | Received a gift from Nemelex Xobeh
  7077 | D:8      | Noticed an orc sorcerer
  7081 | D:8      | Noticed an ice devil
  7649 | D:8      | Killed an orc sorcerer
  7860 | D:8      | Received a gift from Nemelex Xobeh
  7876 | D:8      | Reached skill level 5 in Armour
  7938 | D:8      | Reached skill level 4 in Fighting
  8767 | D:8      | Found a hazy altar of Hepliaklqana.
  8790 | D:8      | Reached XP level 10. HP: 80/80 MP: 14/14
  8871 | D:9      | Reached skill level 5 in Fighting
  9536 | D:9      | Noticed Psyche
  9850 | D:9      | Found a staircase to the Orcish Mines.
  9865 | D:9      | Found a shadowy altar of Dithmenos.
  9873 | D:9      | Received a gift from Nemelex Xobeh
  9877 | D:9      | Killed Psyche
  9973 | D:9      | Identified the +11 whip of Doom {spect, Dex+4}
 10111 | D:9      | Found a glowing golden altar of the Shining One.
 10313 | D:9      | Acquired 711 gold pieces
 10332 | D:9      | Found a blossoming altar of Fedhas.
 10440 | D:9      | Noticed a cyan ugly thing
 10448 | D:9      | Killed a cyan ugly thing
 10449 | D:9      | Reached skill level 6 in Fighting
 10478 | D:9      | Noticed Maurice
 10482 | D:9      | Killed Maurice
 10559 | D:10     | Entered Level 10 of the Dungeon
 10559 | D:10     | Received a gift from Nemelex Xobeh
 11288 | D:10     | Reached skill level 10 in Axes
 11295 | D:10     | Reached XP level 11. HP: 77/91 MP: 16/16
 11493 | D:10     | Noticed a two-headed ogre
 11501 | D:10     | Killed a two-headed ogre
 11502 | D:10     | Reached skill level 7 in Fighting
 11759 | D:10     | Found a broken altar of Ashenzari.
 12015 | D:10     | Received a gift from Nemelex Xobeh
 12080 | D:11     | Found a frozen archway.
 12200 | D:11     | Reached ****** piety under Nemelex Xobeh
 12428 | D:11     | Received a gift from Nemelex Xobeh
 12912 | D:11     | Found a staircase to the Lair.
 13094 | D:11     | Noticed a two-headed ogre
 13102 | D:11     | Killed a two-headed ogre
 13255 | D:11     | Received a gift from Nemelex Xobeh
 13489 | Lair:1   | Entered Level 1 of the Lair of Beasts
 13521 | Lair:1   | Noticed a seven-headed hydra
 13533 | Lair:1   | Killed a seven-headed hydra
 14142 | Lair:1   | Received a gift from Nemelex Xobeh
 14551 | Lair:2   | Reached skill level 1 in Evocations
 14551 | Lair:2   | Reached XP level 12. HP: 91/100 MP: 17/17
 14553 | Lair:2   | Noticed a six-headed hydra
 14566 | Lair:2   | Killed a six-headed hydra
 14938 | Lair:2   | Noticed Gastronok
 14962 | Lair:2   | Killed Gastronok
 14963 | Lair:2   | Reached skill level 5 in Evocations
 15145 | Lair:2   | Received a gift from Nemelex Xobeh
 15271 | Lair:2   | Found a runed translucent door.
 16168 | Lair:3   | Noticed a catoblepas
 16193 | Lair:3   | Killed a catoblepas
 16623 | Lair:3   | Noticed a five-headed hydra
 16629 | Lair:3   | Noticed a spark wasp
 16629 | Lair:3   | a five-headed hydra changed into a spark wasp
 16632 | Lair:3   | Killed a spark wasp
 16798 | Lair:3   | Reached skill level 8 in Fighting
 16827 | Lair:3   | Received a gift from Nemelex Xobeh
 16971 | Lair:3   | Noticed a catoblepas
 16976 | Lair:3   | Killed a catoblepas
 17138 | Lair:3   | Reached XP level 13. HP: 105/108 MP: 18/18
 17170 | Lair:3   | Found a staircase to the Swamp.
 17432 | Lair:3   | Found a staircase to the Snake Pit.
 17454 | Lair:3   | Received a gift from Nemelex Xobeh
 17746 | Lair:4   | Reached skill level 9 in Fighting
 17860 | Lair:4   | Reached skill level 10 in Armour
 18367 | Lair:4   | Received a gift from Nemelex Xobeh
 18576 | Lair:4   | Reached skill level 10 in Invocations
 18593 | Lair:4   | Received a gift from Nemelex Xobeh
 18838 | Lair:4   | Reached skill level 10 in Fighting
 19042 | Lair:5   | Received a gift from Nemelex Xobeh
 19147 | Lair:5   | Received a gift from Nemelex Xobeh
 19210 | Lair:5   | Killed a ghost moth
 19844 | Lair:6   | Entered Level 6 of the Lair of Beasts
 19844 | Lair:6   | Received a gift from Nemelex Xobeh
 20548 | Lair:6   | Reached skill level 10 in Shields
 20572 | Lair:6   | Received a gift from Nemelex Xobeh
 20825 | Lair:6   | Found a viscous altar of Jiyva.
 20825 | Lair:6   | Found a staircase to the Slime Pits.
 20970 | Lair:6   | Reached XP level 14. HP: 59/122 MP: 20/20
 21670 | Lair:6   | Found a large runed translucent door.
 21670 | Lair:6   | Found a large runed translucent door.
 21773 | Lair:6   | Received a gift from Nemelex Xobeh
 21773 | Lair:6   | Noticed Sonja
 21781 | Lair:6   | Killed Sonja
 22239 | D:12     | Noticed Urug
 22254 | D:12     | Killed Urug
 22343 | D:12     | Noticed Azrael
 22350 | D:12     | Noticed Nergalle
 22357 | D:12     | Killed Azrael
 22382 | D:12     | Killed Nergalle
 22657 | D:12     | Reached skill level 11 in Fighting
 22686 | D:12     | Received a gift from Nemelex Xobeh
 23512 | Orc:1    | Entered Level 1 of the Orcish Mines
 23512 | Orc:1    | Received a gift from Nemelex Xobeh
 23838 | Orc:2    | Entered Level 2 of the Orcish Mines
 23868 | Orc:2    | Noticed Rupert
 23870 | Orc:2    | Paralysed by Rupert for 5 turns
 23884 | Orc:2    | Killed Rupert
 23934 | Orc:2    | Found a staircase to the Elven Halls.
 23935 | Orc:2    | Found a bloodstained altar of Trog.
 23936 | Orc:2    | Received a gift from Nemelex Xobeh
 24107 | Orc:2    | Reached skill level 12 in Fighting
 24595 | Orc:2    | Found a bloodstained altar of Trog.
 25385 | Orc:2    | Found Zeycrot's Assorted Antiques.
 25385 | Orc:2    | Found Etoewnonn's General Store.
 25387 | Orc:2    | Found Mukleo's Jewellery Boutique.
 25389 | Orc:2    | Found Hucoss's Antique Weapon Shoppe.
 25403 | Orc:2    | Bought a potion of heal wounds for 210 gold pieces
 25403 | Orc:2    | Bought a heavily runed ivory amulet for 210 gold pieces
 25403 | Orc:2    | Identified the amulet of Jecob {Reflect Int+3 SH+5} (You
                  | bought it in a shop on level 2 of the Orcish Mines)
 25425 | Orc:2    | Bought 2 emerald potions for 75 gold pieces
 25427 | Orc:2    | Bought a staff of air for 325 gold pieces
 25429 | Orc:2    | Bought a ring of fire for 350 gold pieces
 26075 | D:13     | Received a gift from Nemelex Xobeh
 26233 | D:13     | Noticed an ironbound preserver
 26234 | D:13     | Found a gate to the Vaults.
 26442 | D:13     | Killed an ironbound preserver
 26449 | D:13     | Reached skill level 13 in Fighting
 26678 | D:13     | Received a gift from Nemelex Xobeh
 27961 | D:14     | Reached XP level 15. HP: 135/135 MP: 23/23
 27972 | D:14     | Received a gift from Nemelex Xobeh
 29458 | D:15     | Entered Level 15 of the Dungeon
 29964 | D:15     | Reached skill level 15 in Axes
 31059 | D:15     | Received a gift from Nemelex Xobeh
 32039 | D:15     | Found a staircase to the Depths.
 32399 | Orc:2    | Bought the ring of the Gloaming {Fire rPois Int+4 Dex+2}
                  | for 683 gold pieces
 32628 | Snake:1  | Entered Level 1 of the Snake Pit
 32816 | Snake:1  | Reached skill level 14 in Fighting
 33358 | Snake:1  | Found Garchak's Jewellery Emporium.
 33414 | Snake:1  | Found Xeomosoh's Antique Armour Shoppe.
 33415 | Snake:1  | Found Susoxoann's Distillery.
 33427 | Snake:1  | Bought a ring of protection from fire for 350 gold pieces
 33436 | Snake:1  | Bought a potion of heal wounds for 75 gold pieces
 33436 | Snake:1  | Bought a potion of might for 60 gold pieces
 33436 | Snake:1  | Bought 2 potions of curing for 90 gold pieces
 33436 | Snake:1  | Bought a potion of curing for 45 gold pieces
 33436 | Snake:1  | Bought a potion of curing for 45 gold pieces
 33437 | Snake:1  | Received a gift from Nemelex Xobeh
 33694 | Snake:1  | Found a flickering gateway to a bazaar.
 33706 | Bazaar   | Entered a bazaar
 33706 | Bazaar   | Found Jumeuh's Antique Armour Boutique.
 33714 | Bazaar   | Found Poobrefa's Magic Scroll Emporium.
 33720 | Bazaar   | Bought a scroll of holy word for 112 gold pieces
 33720 | Bazaar   | Bought a scroll of fog for 30 gold pieces
 33742 | Bazaar   | Found Diji's Book Emporium.
 33767 | Bazaar   | Found Ecozymyg's Distillery.
 33771 | Bazaar   | Found Cofuiq's Antique Armour Shoppe.
 33874 | Snake:1  | Found Cesmaeg's Firing Range.
 34076 | Snake:2  | Noticed a nagaraja
 34083 | Snake:2  | a nagaraja changed into a sea snake
 34130 | Snake:2  | Reached skill level 15 in Fighting
 34427 | Snake:2  | Noticed Mlioglotl
 34433 | Snake:2  | Killed Mlioglotl
 34631 | Snake:2  | Reached XP level 16. HP: 150/150 MP: 24/24
 34923 | Snake:2  | Noticed Vashnia
 34941 | Snake:2  | Killed Vashnia
 35418 | Snake:2  | Received a gift from Nemelex Xobeh
 35835 | Snake:2  | Noticed Roxanne
 35867 | Snake:2  | Killed Roxanne
 35868 | Snake:2  | Found a glowing golden altar of the Shining One.
 36459 | Snake:3  | Reached skill level 15 in Armour
 37894 | Snake:3  | Found a transporter.
 37896 | Snake:3  | Received a gift from Nemelex Xobeh
 37979 | Snake:3  | Found a bloodstained altar of Trog.
 37988 | Snake:3  | Found a transporter.
 37997 | Snake:3  | Identified the +0 cloak of Lust {rCorr Str-4 Int+2 Slay+2}
 38562 | Snake:3  | Noticed mdonais's ghost (adept FoIE)
 38695 | Snake:3  | Found Uweroug's Antique Armour Shoppe.
 39058 | Swamp:1  | Entered Level 1 of the Swamp
 39319 | Swamp:1  | Received a gift from Nemelex Xobeh
 39888 | Swamp:1  | Identified the -2 quarterstaff "Geeschung" {pain, rC++
                  | Int+2}
 40498 | Swamp:1  | Received a gift from Nemelex Xobeh
 41067 | Swamp:1  | Identified the -1 long sword of the Bespelling Hero {venom,
                  | *Corrode rC+ MP-9 Int+8}
 41846 | Swamp:2  | Reached XP level 17. HP: 100/157 MP: 26/26
 42381 | Swamp:2  | Reached skill level 10 in Slings
 42607 | Swamp:2  | Noticed Louise
 42610 | Swamp:2  | Killed Louise
 42621 | Swamp:2  | Received a gift from Nemelex Xobeh
 44095 | Snake:4  | Entered Level 4 of the Snake Pit
 44099 | Snake:4  | Identified the +0 hand axe of Massacring {vorpal, rC+
                  | Str+6}
 44163 | Snake:4  | Reached skill level 16 in Fighting
 44428 | Snake:4  | Noticed Nikola
 45065 | Snake:4  | Noticed Nikola
 45065 | Snake:4  | Nikola changed into Nikola the acid blob
 45065 | Snake:4  | Noticed Nikola
 45065 | Snake:4  | Nikola the acid blob changed into Nikola the radroach
 45068 | Snake:4  | Killed Nikola the radroach
 45096 | Snake:4  | Reached skill level 15 in Invocations
 46151 | Snake:4  | Reached skill level 17 in Fighting
 47958 | Snake:4  | Got a serpentine rune of Zot
 48024 | Snake:4  | Received a gift from Nemelex Xobeh
 48035 | Snake:4  | Found a snail-covered altar of Cheibriados.
 48493 | Swamp:3  | Reached XP level 18. HP: 75/170 MP: 28/28
 49258 | Swamp:3  | Reached skill level 10 in Evocations
 49353 | Swamp:3  | Got Kaighul's Catalogue of Envenoming and Cold
 50152 | Swamp:4  | Entered Level 4 of the Swamp
 53030 | Swamp:4  | Received a gift from Nemelex Xobeh
 53703 | Swamp:4  | Paralysed by a fenstrider witch for 4 turns
 53806 | Swamp:4  | Noticed a tentacled monstrosity
 53830 | Swamp:4  | Killed a tentacled monstrosity
 55040 | Swamp:4  | Noticed a tentacled monstrosity
 55055 | Swamp:4  | Killed a tentacled monstrosity
 55120 | Swamp:4  | Got a decaying rune of Zot
 55408 | D:7      | Bought a runed tower shield for 217 gold pieces
 55567 | Vaults:1 | Entered Level 1 of the Vaults
 55625 | Vaults:1 | Reached skill level 15 in Shields
 56285 | Vaults:1 | Received a gift from Nemelex Xobeh
 56385 | Vaults:1 | Reached XP level 19. HP: 80/177 MP: 29/29
 57188 | Vaults:1 | Found a runed translucent gate.
 57188 | Vaults:1 | Found a runed translucent gate.
 57188 | Vaults:1 | Found an opulent altar of Gozag.
 57188 | Vaults:1 | Found a runed translucent gate.
 57188 | Vaults:1 | Noticed Silenth's ghost (adept DrFE)
 57190 | Vaults:1 | Found Guter's Assorted Antiques.
 57192 | Vaults:1 | Found Xownaoni's Assorted Antiques.
 57223 | Vaults:1 | Received a gift from Nemelex Xobeh
 57492 | Vaults:1 | Received a gift from Nemelex Xobeh
 57790 | Vaults:2 | Received a gift from Nemelex Xobeh
 58325 | Vaults:2 | Found a staircase to the Crypt.
 58367 | Vaults:2 | Found Muodgh's Weapon Shoppe.
 59087 | Vaults:2 | Received a gift from Nemelex Xobeh
 59668 | Vaults:3 | Noticed Donald
 59680 | Vaults:3 | Killed Donald
 60419 | Vaults:3 | Noticed Saint Roka
 60430 | Vaults:3 | Killed Saint Roka
 60431 | Vaults:3 | Reached skill level 18 in Fighting
 60737 | Vaults:3 | Noticed Bai Suzhen
 60957 | Vaults:3 | Received a gift from Nemelex Xobeh
 61057 | Vaults:3 | Killed Bai Suzhen
 61356 | Vaults:3 | Found a transporter.
 61357 | Vaults:3 | Found a radiant altar of Vehumet.
 61502 | Vaults:3 | Noticed Aizul
 61514 | Vaults:3 | Killed Aizul
 61903 | Vaults:4 | Found Wuikhailu's Armour Shop.
 61921 | Vaults:4 | Found Narura Zagyc's General Store.
 61929 | Vaults:4 | Bought a scroll of summoning for 180 gold pieces
 62325 | Vaults:4 | Received a gift from Nemelex Xobeh
 62402 | Vaults:4 | Reached skill level 19 in Fighting
 62412 | Vaults:4 | Reached XP level 20. HP: 83/191 MP: 31/31
 62797 | Vaults:4 | Noticed Frederick
 62810 | Vaults:4 | Killed Frederick
 63207 | Vaults:4 | Received a gift from Nemelex Xobeh
 63335 | Vaults:4 | Found Epiudi's Jewellery Emporium.
 63361 | Vaults:5 | Entered Level 5 of the Vaults
 63623 | Elf:1    | Entered Level 1 of the Elven Halls
 63651 | Elf:1    | Found a radiant altar of Vehumet.
 63885 | Elf:1    | Found Wastuq's General Store.
 63886 | Elf:1    | Found a crumbling gateway.
 63902 | Elf:1    | Bought a potion of heal wounds for 65 gold pieces
 64081 | Elf:1    | Paralysed by an air elemental for 1 turns
 64864 | Elf:1    | Received a gift from Nemelex Xobeh
 65066 | Elf:1    | Reached skill level 5 in Dodging
 65628 | Elf:2    | Received a gift from Nemelex Xobeh
 65725 | Elf:2    | Found the +9 sword of Zonguldrok {reap}
 66147 | Elf:2    | Received a gift from Nemelex Xobeh
 66332 | Elf:2    | Found a runed translucent gate.
 66332 | Elf:2    | Found a runed translucent gate.
 66333 | Elf:2    | Found a runed translucent gate.
 66856 | Depths:1 | Entered Level 1 of the Depths
 67361 | Depths:1 | Identified the +1 plate armour "Hero's Friend" {rElec rC+
                  | rN+ Will+}
 68010 | Depths:1 | Found a shimmering blue altar of Sif Muna.
 68042 | Depths:1 | Received a gift from Nemelex Xobeh
 68100 | Depths:1 | Found a white marble altar of Elyvilon.
 68508 | Depths:1 | Found a gateway to Hell.
 68526 | Depths:1 | Reached skill level 10 in Dodging
 69444 | Depths:2 | Received a gift from Nemelex Xobeh
 69767 | Depths:2 | Noticed a caustic shrike
 70657 | Depths:2 | Reached XP level 21. HP: 198/198 MP: 32/32
 70671 | Depths:2 | Noticed a juggernaut
 70685 | Depths:2 | Killed a juggernaut
 70906 | Depths:2 | Identified the amulet of Generosity {RegenMP Fly rF+}
 70916 | Depths:2 | Got the Collected Works on Transformation
 71180 | Depths:2 | Killed a caustic shrike
 71524 | Depths:2 | Received a gift from Nemelex Xobeh
 71570 | Depths:2 | Found a portal to a secret trove of treasure.
 71909 | Depths:2 | Found a one-way gate leading to the halls of Pandemonium.
 73636 | Depths:3 | Received a gift from Nemelex Xobeh
 74145 | Depths:3 | Noticed a juggernaut
 74147 | Depths:3 | Noticed a juggernaut
 74481 | Depths:3 | Found a one-way gateway to a ziggurat.
 74969 | Depths:3 | Reached skill level 20 in Fighting
 75118 | Depths:3 | Killed a juggernaut
 75308 | Depths:3 | Received a gift from Nemelex Xobeh
 75321 | Depths:3 | Found a one-way gate to the infinite horrors of the Abyss.
 76291 | Depths:3 | Killed a juggernaut
 76435 | Depths:3 | Identified the ring "Eqemeduipn" {*Slow rPois rF- Str+6}
 77071 | Elf:3    | Entered Level 3 of the Elven Halls
 77332 | Elf:3    | Received a gift from Nemelex Xobeh
 77443 | Elf:3    | Found a magical portal.
 77774 | Elf:3    | Found the ring of the Octopus King {rCorr AC+1 EV+1 Str+1
                  | Int+1 Dex+1}
 78126 | Elf:3    | Received a gift from Nemelex Xobeh
 78334 | Elf:3    | Identified the +7 battleaxe "Intuvir" {pain, Will+ SInv}
 78396 | Elf:3    | Reached skill level 21 in Fighting
 79230 | Elf:3    | Reached XP level 22. HP: 100/213 MP: 34/34
 80397 | Elf:3    | Identified the ring "Keamn" {rF+ AC+4 Str+2 Int+3}
 81989 | Depths:4 | Entered Level 4 of the Depths
 81989 | Depths:4 | Noticed a juggernaut
 81989 | Depths:4 | Received a gift from Nemelex Xobeh
 82002 | Depths:4 | Killed a juggernaut
 82003 | Depths:4 | Reached skill level 22 in Fighting
 82182 | Depths:4 | Found a bloodstained altar of Trog.
 82386 | Depths:4 | Got the Guide on Mutagenic Calling
 83598 | Depths:4 | Reached skill level 23 in Fighting
 83759 | Depths:4 | Received a gift from Nemelex Xobeh
 83783 | Depths:4 | Found a gate to the Realm of Zot.
 84331 | Depths:4 | Found a snail-covered altar of Cheibriados.
 85477 | Vaults:5 | Received a gift from Nemelex Xobeh
 85520 | Vaults:5 | Identified the +0 chain mail of Hysteria {rF++ Str+3 Slay+5
                  | Stlth-}
 85747 | Vaults:5 | Noticed a golden dragon
 85755 | Vaults:5 | Killed a golden dragon
 86338 | Vaults:5 | Identified the +13 chain mail of the Flute {Will++ Str-5
                  | SInv Stlth+}
 86387 | Vaults:5 | Got a silver rune of Zot
 86467 | Vaults:5 | Reached XP level 23. HP: 227/227 MP: 35/35
 86693 | Vaults:5 | Identified the +6 short sword of Grandeur {venom, Drain
                  | rPois Str+8 Int+3}
 86728 | Vaults:5 | Noticed an ancient lich
 86754 | Vaults:5 | Killed an ancient lich
 87507 | Vaults:5 | Reached skill level 24 in Fighting
 89041 | Snake:1  | Bought a potion of mutation for 120 gold pieces
 89538 | Zot:1    | Entered Level 1 of the Realm of Zot
 89538 | Zot:1    | Noticed a curse toe
 89552 | Zot:1    | HP: 4/228 [black draconian knight/bolt of lightning (32)]
 89552 | Zot:1    | Killed from afar by a black draconian knight

Illustrated notes

Levels and vault maps discovered:
D:1:      giann_horns, layout_loops_corners,
          shapermc_ecumenical_altar_starsandcircs, serial_glass,
          glass_columns_c, glass_columns_a, due_unseen_surprise,
          minmay_strange_pillars, feat_on_display, feat_on_display
D:2:      layout_rooms
D:3:      layout_loops_corners, mainiacjoe_overflow_catwalk, serial_shops,
          nicolae_diamond_shop
D:4:      layout_cave_pods
D:5:      layout_gridville, nicolae_overflow_crystal_walls,
          mainiacjoe_overflow_small_starburst, hellmonk_ghost_happy_afterlife,
          nicolae_inconvenience_store
D:6:      layout_cave_pods, amethyst_overflow_temple_binary,
          minmay_stone_trees_small, minmay_door_square
D:7:      layout_gridville, lemuel_tele_altar, minmay_temple_entry_mist,
          serial_shops, nicolae_shop_overgrown_old_shop, minmay_misc_feat_doors
D:8:      cheibrodos_wizards_tower, layout_rooms, lemuel_coloured_pillars_altar,
          special_room [special_room_orc], nicolae_figureground_sparkle
D:9:      layout_roguey, nicolae_dithmenos_the_darkroom,
          mainiacjoe_overflow_swirl, david_orc_3, kennysheep_generic_room_10,
          uniq_psyche, uniq_maurice
D:10:     layout_long_grid, mainiacjoe_overflow_cross_hatched
D:11:     layout_basic, erik_lair_orcish_takeover,
          portal_ice_cave_entry_pillars_1, st_stairs_5, roderic_lattice_a,
          ebering_dispersal_statue_hall, minivault_4, minivault_23
D:12:     layout_gridville, uniq_urug, uniq_azrael, uniq_nergalle
D:13:     layout_roguey, skrybe_vaults_entry_preservation
D:14:     layout_basic, infiniplex_staircase_pillars_1
D:15:     gammafunk_enter_depths_forms, layout_loops_ring, solitary_fountain
Lair:1:   layout_loops_ring, serial_bayou_lagoon_a
Lair:2:   gammafunk_indiana_jones, layout_regular_city, eino_house_with_fridge,
          uniq_gastronok
Lair:3:   layout_regular_city, nicolae_swamp_entry_splash_gauntlet,
          dummy_snake_entry, wad_woods_road_03
Lair:4:   layout_gridlike, lemuel_fruit_tree
Lair:5:   layout_regular_city
Lair:6:   cheibrodos_lair_end_hotspot, layout_regular_city, slime_altar_1,
          uniq_sonja
Swamp:1:  layout_basic_swamp, evilmike_swamp_ruin_wall,
          nicolae_swamp_spriggan_camp
Swamp:2:  layout_falls_marsh, serial_swamp_ruin, evilmike_swamp_ruin_house_2,
          evilmike_swamp_ruin_house_4, worms_lemuel, uniq_louise
Swamp:3:  nicolae_swamp_wrong_neighborhood, layout_falls_marsh,
          evilmike_swamp_ruin_rubble_1
Swamp:4:  nzn_swamp_witches_coven, layout_basic_swamp, swamp_pool3
Snake:1:  layout_rooms, serial_shops, bzr_entry_islet,
          nicolae_snake_double_loop, nicolae_shop_firing_range, minmay_shop_star
Snake:2:  layout_layer_cave, basic_altar, grunt_megastairs_4, uniq_vashnia,
          uniq_mlioglotl, uniq_roxanne
Snake:3:  layout_cave_pods, gammafunk_ghost_wrathful_warriors, serial_shops,
          nicolae_shop_hallway_plus, grunt_megastairs_2
Snake:4:  grunt_snake_rune_serpentine_throne, layout_cave_town, basic_altar,
          nicolae_snake_slithery_corners, st_stairs_4, uniq_nikola
Orc:1:    layout_diamond_mine, nicolae_volcano_entry_hallway
Orc:2:    st_orc_rangers, layout_caves, basic_altar, david_defended_altar_orc,
          uniq_rupert
Elf:1:    eino_elf_arrival_altar, layout_rooms, serial_shops, shop, special_room
          [special_room_orc], portal_desolation_entry_ruin,
          hangedman_corner_corridor, guppyfry_library_mini
Elf:2:    nicolae_elf_blades_splatter_lattice [nicolae_blade_lattice],
          layout_geoelf_diagonals, small_chamber_with_monster, kb_rosetta
Elf:3:    elf_hall, layout_gridlike, lightli_enter_wizlab_magi_temple,
          nrook_loot_triangle, hangedman_elf_represent
Vaults:1: ebering_ghost_gozag, vaults_mumra_minichess_inversion,
          vaults_room_grunt_arrival_ludios, nicolae_vaults_disjoint_gnomons,
          nicolae_vaults_triangles, v_misc_14, v_misc_27,
          nicolae_vaults_network_star, v_alt_pattern_4,
          nicolae_vaults_angled_halls, vaults_room_grid, layout_vaults_omnibox
Vaults:2: nicolae_vaults_circle_grid_a, minmay_crypt_entry_nasty_monster,
          grunt_vaults_hallway_long, grunt_vaults_funnel,
          ontoclasm_vaults_fault, v_misc_12, ontoclasm_vaults_misaligned,
          vaults_mumra_hexcomb, layout_vaults_chaotic_city, serial_shops, shop
Vaults:3: gammafunk_sealed_library, nicolae_vaults_shelves_hall,
          vaults_room_grid, ontoclasm_vaults_ring_small, v_misc_5, v_misc_15,
          hangedman_vaults_stream, ontoclasm_vaults_ring_large,
          nicolae_vaults_theta, vaults_room_octagon,
          nicolae_vaults_diagonal_hallway_8, hangedman_vaults_nails,
          layout_vaults_maze, uniq_bai_suzhen, uniq_aizul, uniq_donald,
          uniq_saint_roka
Vaults:4: hangedman_vaults_slice, nicolae_vaults_little_squares_6, v_pattern_1,
          dpeg_vaults_monster_box, vaults_room_door_ring,
          nicolae_vaults_three_branches, v_misc_11, vaults_room_door_hall,
          vaults_room_semicircle, nicolae_vaults_little_ls,
          vaults_dpeg_diagonal, v_misc_25, layout_vaults_big_cross,
          serial_shops, nicolae_shop_crystal, shop,
          nicolae_shop_advertising_works [nicolae_subvault_shop_adworks],
          uniq_frederick
Vaults:5
Depths:1: layout_basic, nicolae_sif_muna_condensation, grunt_hell_horde,
          grunt_decor_junction, nicolae_elyvilon_peaceful_grove
Depths:2: minmay_the_grid_plus_closed [minmay_the_grid_large_cup,
          minmay_the_grid_armoury, minmay_the_grid_tiny_cups,
          minmay_the_grid_minigrid_medium,
          minmay_the_grid_prize_four_corners_diamond_b], layout_gridlike,
          serial_bayou, serial_bayou_pond_c, serial_bayou_pond_b,
          serial_bayou_pond_d, serial_bayou_pond_b, hell_entry,
          rand_demon_pan_entry_4, enter_trove_3
Depths:3: minmay_nested_s, layout_cave_pools, enter_ziggurat_b,
          chequers_serial_rivers_small_b, abyss_entry_crystal, hellmouth_1,
          minmay_staircase_windowed_small
Depths:4: evilmike_zot_entry_argh, layout_cave_shapes,
          trog_three_pillars_becter, hell_entry, minmay_tree_intersection,
          slow_altar_2
Zot:1:    layout_misc_corridors, kennysheep_underground_church

Skill      XL: |  1  2  3  4  5  6  7  8  9 10 11 12 13 14 15 16 17 18 19 20 21 22 23 |
---------------+----------------------------------------------------------------------+-----
Axes           | 4 5 7 10 14 16 18 | 18.0
Invocations    | 1 3 4 6 8 9 10 13 14 15 16 17 18 19 | 19.0
Slings         | 2 3 4 6 7 9 10 | 10.4
Shields        | 7 11 12 13 14 16 18 19 | 19.0
Armour         | 1 6 8 9 11 13 15 16 17 19 20 23 | 23.1
Fighting       | 4 6 7 8 10 13 15 17 19 21 23 24 | 24.0
Evocations     | 1 8 9 10 | 10.2
Dodging        | 11 12 | 12.4
Stealth        | |  1.5

Action                   |  1- 3 |  4- 6 |  7- 9 | 10-12 | 13-15 | 16-18 | 19-21 | 22-24 || total
-------------------------+-------+-------+-------+-------+-------+-------+-------+-------++-------
Melee: Hand axe          |    83 |    22 |     4 |    10 |       |       |       |       ||   119
       Headbutt          |    12 |     4 |     1 |    35 |   114 |   199 |   436 |   290 ||  1091
       Punch             |       |     1 |       |       |       |       |       |       ||     1
       Broad axe         |       |       |       |   132 |   444 |   728 |  1291 |   838 ||  3433
       Rapier            |       |       |       |       |     5 |       |       |       ||     5
       Staff             |       |       |       |       |       |     9 |       |       ||     9
 Fire: Hunting sling     |       |    78 |   218 |   432 |   770 |  1146 |   527 |       ||  3171
Throw: Stone             |       |    10 |       |     8 |    32 |    18 |    34 |    57 ||   159
Invok: Draw Summoning    |       |       |     2 |     5 |    14 |    12 |    24 |     3 ||    60
       Draw Destruction  |       |       |       |    12 |    24 |    27 |    15 |     9 ||    87
       Deal Four         |       |       |       |     1 |     5 |     6 |     2 |     1 ||    15
       Draw Escape       |       |       |       |     1 |     3 |     8 |    22 |     8 ||    42
Evoke: Wand              |       |       |       |     8 |    39 |    67 |    61 |    12 ||   187
       Condenser vane    |       |       |       |     2 |     6 |     9 |    13 |     7 ||    37
       Lightning rod     |       |       |       |       |    22 |    39 |    39 |     7 ||   107
       Tin of tremorston |       |       |       |       |       |    10 |    17 |     8 ||    35
       Box of beasts     |       |       |       |       |       |     4 |    12 |     5 ||    21
       Phial of floods   |       |       |       |       |       |       |       |     6 ||     6
       Phantom mirror    |       |       |       |       |       |       |       |     6 ||     6
  Use: Scroll            |     2 |     4 |     8 |     7 |     4 |    11 |    18 |    10 ||    64
       Potion            |       |       |       |       |     8 |     7 |     9 |    18 ||    42
 Stab: Sleeping          |     3 |       |       |       |       |       |       |       ||     3
       Confused          |       |       |       |       |     3 |       |     2 |       ||     5
       Paralysed         |       |       |       |       |     2 |       |       |     7 ||     9
       Distracted        |       |       |       |       |     1 |       |     1 |     6 ||     8
       Invisible         |       |       |       |       |       |     6 |       |       ||     6
Armor: Robe              |    16 |       |       |       |       |       |       |       ||    16
       Leather armour    |    21 |       |       |       |       |       |       |       ||    21
       Ring mail         |       |     7 |       |       |       |       |       |       ||     7
       Chain mail        |       |    10 |    11 |       |       |       |       |       ||    21
       Plate armour      |       |       |    25 |   127 |   230 |   340 |   215 |   156 ||  1093
       Storm dragon scal |       |       |       |       |       |       |    83 |       ||    83
       Gold dragon scale |       |       |       |       |       |       |       |    20 ||    20
Dodge: Dodged            |    47 |    15 |    17 |    64 |   110 |   154 |   174 |   142 ||   723
Block: Kite shield       |       |       |    16 |   136 |   459 |   683 |       |       ||  1294
       Reflection        |       |       |       |       |    30 |   131 |   125 |    75 ||   361
       Tower shield      |       |       |       |       |       |   102 |  1282 |   727 ||  2111
